 Dungeon Crawl Stone Soup version 0.29-a0-817-g9904bce7a6 (webtiles) character file.

Game seed: 17706624777512718663

18 LynnLen the Vexing (level 2, 0/15 HPs)
             Began as a Vampire Enchanter on July 6, 2022.
             Slain by an endoplasm (2 damage)
             ... on level 1 of the Dungeon.
             The game lasted 00:02:08 (619 turns).

LynnLen the Vexing (Vampire Enchanter)               Turns: 619, Time: 00:02:09

Health: 0/15       AC:  2    Str:  7    XL:     2   Next: 51%
Magic:  5/5        EV: 12    Int: 17    God:
Gold:   16         SH:  0    Dex: 14    Spells: 5/5 levels left

rFire   . . .      SeeInvis +   a - +1 dagger
rCold   + + .      Faith    .   (no shield)
rNeg    + + +      Spirit   .   b - +0 robe
rPois   ∞          Reflect  .   (no helmet)
rElec   .          Harm     .   (no cloak)
rCorr   .          Rampage  .   (no gloves)
Will    .....                   (no boots)
Stlth   +++++.....              e - amulet of regeneration
HPRegen 0.00/turn               (no ring)
MPRegen 0.09/turn               (no ring)

@: flying, bloodless, inhibited regen
A: bloodless, fangs 3, see invisible, vampiric 1
a: Revivify


You were on level 1 of the Dungeon.
You visited 1 branch of the dungeon, and saw 1 of its levels.

You collected 16 gold pieces.

Inventory:

Hand Weapons
 a - a +1 dagger (weapon)
Armour
 b - a +0 robe (worn)
Jewellery
 e - an amulet of regeneration (around neck)
Scrolls
 d - a scroll of noise {unknown}
Potions
 c - 2 potions of invisibility


   Skills:
 + Level 1.1 Short Blades
 + Level 2.4 Dodging
 * Level 4.8 Stealth
 * Level 2.2 Spellcasting
 + Level 5.0 Hexes


You had 5 spell levels left.
You didn't know any spells.
Your spell library contained the following spells:

 Spells                   Type           Power      Damage    Failure   Level
 Confusing Touch          Hex            19%        N/A       7%          3
 Tukima's Dance           Hex            19%        N/A       7%          3
 Ensorcelled Hibernation  Hex/Ice        20%        N/A       10%         2
 Beastly Appendage        Tmut           2%         N/A       19%         1
 Sting                    Tmut/Pois      4%         1d3       19%         1
 Dazzling Flash           Conj/Hex       20%        N/A       21%         3
 Wereblood                Tmut           1%         N/A       28%         2
 Spider Form              Tmut/Pois      1%         N/A       50%         3


Dungeon Overview and Level Annotations

Branches:
Dungeon (1/15)

Altars:

Shops:
D:1 !


Innate Abilities, Weirdness & Mutations

You do not regenerate when monsters are visible.
You are frail without blood (-20% HP).
You can heal yourself when you bite living creatures.
You are immune to poison.
You have razor-sharp teeth.
You have supernaturally acute eyesight. (SInv)
You are afflicted with vampirism.


Message History

The goblin barely misses you. The ball python barely misses you.
The ball python constricts you.
You hit the kobold but do no damage. You bite the kobold.
You kill the kobold!
The goblin hits you but does no damage. The ball python bites you.
The ball python constricts you.
You escape the ball python's grasp.
The endoplasm attacks as you move away! The endoplasm hits you.
You open the door. The rat closely misses you.
The endoplasm hits you but does no damage.
The goblin attacks as you move away! The goblin closely misses you.
The endoplasm barely misses you.
There is an open door here.
The goblin attacks as you move away! The goblin closely misses you.
You hit the rat but do no damage. The rat bites you.
You closely miss the rat. The rat bites you.
You hit the rat. Your bite misses the rat.
The rat is severely wounded.
The rat barely misses you.
You hit the rat.
You kill the rat!
The ball python barely misses you. x2
The ball python bites you but does no damage.
The ball python grabs you. The ball python constricts you.
You escape the ball python's grasp.
The ball python barely misses you. x2; The ball python bites you.
* * * LOW HITPOINT WARNING * * *
The ball python closely misses you.
You barely miss the ball python. You bite the ball python.
You kill the ball python!
You completely miss the endoplasm. You bite the endoplasm.
The endoplasm is heavily wounded.
The endoplasm hits you.
* * * LOW HITPOINT WARNING * * *
It was a potion of flight.
You feel very buoyant.
You fly up into the air.
The endoplasm hits you but does no damage.
The endoplasm attacks as you move away! The endoplasm hits you.
You die...

#............#.#..P##...#.#
#......#######.#........#.#####
#......# #.#.####+#........
###......# #.# .........#####
......)#########.# ............†.
#######........#.##...........###
+.......JJg.............#
#........#J#..8#8.##....#
+........#@# .#!#. #....#
#.......)#.# 8#8.......#
#........#+#......#######
####.........# .. #.........# #
#.........# #.........#
#........... #...........


You could see 2 endoplasms and a goblin.

Vanquished Creatures
  3 bats (D:1)
  2 endoplasms (D:1)
  2 giant cockroaches (D:1)
  2 goblins (D:1)
  A hobgoblin (D:1)
  A quokka (D:1)
  A ball python (D:1)
  2 kobolds (D:1)
  3 rats (D:1)
17 creatures vanquished.

Vanquished Creatures (others)
  A plant (D:1)
1 creature vanquished.

Grand Total: 18 creatures vanquished

Notes
Turn   | Place    | Note
-------+----------+-------------------------------------------
     0 | D:1      | LynnLen the Vampire Enchanter began the quest for the Orb.
     0 | D:1      | Reached XP level 1. HP: 13/13 MP: 3/3
   284 | D:1      | Found Voerott Boig's Distillery.
   393 | D:1      | Reached XP level 2. HP: 14/15 MP: 5/5
   400 | D:1      | Reached skill level 5 in Hexes
   510 | D:1      | Found a faded altar of an unknown god.
   519 | D:1      | Got Plato's Quarto of Forms
   619 | D:1      | Slain by an endoplasm

Illustrated notes

Levels and vault maps discovered:
D:1:      kennysheep_arrival_seaside, layout_basic,
          shapermc_ecumenical_altar_rom_forum, serial_shops, shop,
          minmay_misc_feat_five, minmay_statues_item

Skill      XL: |  1  2 |
---------------+-------+-----
Hexes          | 5 |  5.0
Short Blades   | |  1.1
Dodging        | |  2.4
Stealth        | |  4.8
Spellcasting   | |  2.2

Action                   || total
-------------------------++-------
Melee: Dagger            ||    52
       Bite              ||     7
 Abil: Exsanguinate      ||     1
  Use: Potion            ||     1
 Stab: Sleeping          ||     6
Armor: Robe              ||    27
Dodge: Dodged            ||    56

Table legend: (Time is in decaauts)
 A = Elapsed time spent in this place.
 B = Non-inter-level travel time spent in this place.
 C = Inter-level travel time spent in this place.
 D = Time resting spent in this place.
 E = Time spent auto-exploring this place.
 F = Levels seen in this place.
 G = Mean time per level.
                   A        B        C        D        E       F      G
               +--------+--------+--------+--------+--------+-----+--------+
         Total |    616 |    616 |      0 |    143 |    281 |   1 |  616.0 |
       Dungeon |    616 |    616 |      0 |    143 |    281 |   1 |  616.0 |
               +--------+--------+--------+--------+--------+-----+--------+

Top non-repeatable levels by time:
     D:1: 616 daAuts
